[Event "Titled Tuesday Blitz February 14 Late 2023"]
[White "Christiansen, Johan-Sebastian"]
[Black "Zochowski, Kacper"]
[WhiteFideId "1512668"]
[BlackFideId "1125494"]
[WhiteElo "2579"]
[BlackElo "2262"]
[Result "1-0"]
[Round "02"]
[TimeControl "180+2"]
[Date "2023.02.14"]
[WhiteClock "0:00:02"]
[BlackClock "0:00:03"]

1. e4 d6 2. d4 Nf6 3. Nc3 e5 4. Nf3 Nbd7 5. Rg1 g6 6. g4 Bg7 7. Be3 c6 8. g5 Nh5 9. Qd2 O-O 10. O-O-O Qc7 11. Be2 b5 12. dxe5 dxe5 13. Qd6 Qb7 14. h4 a5 15. a4 b4 16. Nb1 b3 17. c3 Nf4 18. Bxf4 exf4 19. Bc4 Qb6 20. Nd4 Be5 21. Qa3 Nc5 22. h5 Bd6 23. Qa1 Nxe4 24. hxg6 hxg6 25. Nd2 Nxf2 26. Rdf1 Nh3 27. Rh1 Be5 28. Qb1 Kg7 29. N2f3 Bxd4 30. Nxd4 c5 31. Qe4 Qc7 32. Nb5 Qb8 33. Qg2 f3 34. Rxf3 Rh8 35. Rfxh3 1-0


[Site "https://www.chess.com"]

[Event "Titled Tuesday Blitz February 14 Late 2023"]
[White "Oganian, Miran"]
[Black "Kleiman, Jake"]
[WhiteFideId "4122488"]
[BlackFideId "2020041"]
[WhiteElo "2439"]
[BlackElo "2399"]
[Result "1/2-1/2"]
[Round "02"]
[TimeControl "180+2"]
[Date "2023.02.14"]
[WhiteClock "0:00:02"]
[BlackClock "0:00:07"]

1. e4 e5 2. Nf3 Nc6 3. Nc3 Nf6 4. d4 exd4 5. Nxd4 Bb4 6. Nxc6 bxc6 7. Bd3 O-O 8. O-O d5 9. exd5 cxd5 10. h3 h6 11. Qf3 Re8 12. Bf4 Bd6 13. Rfe1 Bxf4 14. Qxf4 Be6 15. Nb5 Re7 16. Nd4 Re8 17. Bf5 Bxf5 18. Nxf5 Kh7 19. Rxe8 Nxe8 20. Ne3 Nf6 21. Rd1 c6 22. c4 Qd7 23. cxd5 cxd5 24. Nxd5 Nxd5 25. Qe4+ Kg8 26. Rxd5 Qc7 27. Re5 Rf8 28. Re8 Rxe8 29. Qxe8+ Kh7 30. Qe4+ g6 31. b3 h5 32. g3 a5 33. Kg2 Qc5 34. g4 hxg4 35. hxg4 Kg7 36. f4 Qa3 37. Qe2 Kg8 38. f5 gxf5 39. gxf5 Kg7 40. Qe5+ Kh7 41. Qh2+ Kg7 42. Kf3 Kf6 43. Kg4 Qc5 44. Qh4+ Kg7 45. f6+ Kg6 46. Qe1 Qf5+ 47. Kg3 Kxf6 48. Kg2 Qg4+ 49. Kh1 Qh5+ 50. Kg1 Qg5+ 51. Kh1 Qe5 52. Qf2+ Ke6 53. Qb6+ Kf5 54. Qf2+ Kg6 55. Qg2+ Qg5 56. Qc6+ Kh5 57. Qf3+ Kg6 58. Qc6+ f6 59. Qe8+ Kf5 60. Qd7+ Kf4 61. Qd2+ Kf3 62. Qd3+ Kf2 63. Qc2+ Ke1 64. Qc3+ Kd1 65. Qd3+ Kc1 66. Qc3+ Kb1 67. a3 Ka2 68. b4 axb4 69. axb4 Qd5+ 70. Kh2 f5 71. Kg3 Qe4 72. b5 f4+ 73. Kf2 Qd5 74. b6 Qb5 75. Qf6 Kb3 76. Kf3 Ka4 77. Qxf4+ Ka5 78. Qc7 Qxb6 79. Qc3+ Qb4 80. Qxb4+ Kxb4 1/2-1/2


[Site "https://www.chess.com"]

[Event "Titled Tuesday Blitz February 14 Late 2023"]
[White "Girsh, Daniel"]
[Black "Tanenbaum, Zachary"]
[WhiteFideId "30949190"]
[BlackFideId "2060850"]
[WhiteElo "2123"]
[BlackElo "2261"]
[Result "0-1"]
[Round "02"]
[TimeControl "180+2"]
[Date "2023.02.14"]
[WhiteClock "0:01:12"]
[BlackClock "0:01:41"]

1. e4 e5 2. Nf3 Nc6 3. Bb5 a6 4. Ba4 d6 5. c3 Nf6 6. Bc2 d5 7. exd5 Qxd5 8. d3 Bf5 9. O-O O-O-O 10. Ng5 h6 11. Bb3 Qxd3 12. Nxf7 Qxd1 13. Rxd1 Rxd1+ 14. Bxd1 Rh7 15. Bb3 g5 16. h4 gxh4 17. f4 Bc5+ 18. Kh1 h3 19. fxe5 Be4 20. Be6+ Nd7 21. Bxh3 Rxf7 22. e6 Rf1+ 23. Kh2 Bd6+ 24. g3 Rh1# 0-1


[Site "https://www.chess.com"]

[Event "Titled Tuesday Blitz February 14 Late 2023"]
[White "Erdogdu, Mert"]
[Black "The_Sherman_Variation"]
[WhiteFideId "6301495"]
[WhiteElo "2413"]
[BlackElo "2511"]
[Result "1-0"]
[Round "02"]
[TimeControl "180+2"]
[Date "2023.02.14"]
[WhiteClock "0:01:27"]
[BlackClock "0:01:45"]

1. e4 c6 2. d4 d5 3. exd5 cxd5 4. c4 Nf6 5. Nc3 dxc4 6. Bxc4 e6 7. Nf3 Nc6 8. O-O Bb4 9. Bg5 h6 10. Bh4 O-O 11. Re1 Be7 12. a3 a6 13. Qd3 b5 14. Bb3 Bb7 15. Rad1 Na5 16. Bc2 g6 17. Rxe6 Bxf3 18. gxf3 Kh8 19. Rxe7 Qxe7 20. Ne4 1-0


[Site "https://www.chess.com"]

[Event "Titled Tuesday Blitz February 14 Late 2023"]
[White "Bilan, Danila"]
[Black "Bernadskiy, Vitaliy"]
[WhiteFideId "24161918"]
[BlackFideId "14100371"]
[WhiteElo "2303"]
[BlackElo "2592"]
[Result "0-1"]
[Round "02"]
[TimeControl "180+2"]
[Date "2023.02.14"]
[WhiteClock "0:00:08"]
[BlackClock "0:01:10"]

1. d4 e6 2. Nf3 Nf6 3. g3 g6 4. Bg2 Bg7 5. O-O O-O 6. c4 d5 7. Qc2 Nc6 8. Rd1 Ne7 9. Nbd2 b6 10. e4 dxe4 11. Nxe4 Bb7 12. Ne5 Nxe4 13. Bxe4 Bxe4 14. Qxe4 Bxe5 15. Qxe5 Nf5 16. Bf4 c6 17. Rd3 Re8 18. g4 f6 19. Qe4 Ng7 20. Rad1 Rc8 21. b3 f5 22. Qe5 fxg4 23. h3 Qh4 24. hxg4 Qxg4+ 25. Kh2 Rf8 26. Bg3 Rf5 27. Qd6 Rcf8 28. Kg2 Rxf2+ 0-1


[Site "https://www.chess.com"]

[Event "Titled Tuesday Blitz February 14 Late 2023"]
[White "Barp, Alberto"]
[Black "Kaplan, Avi Harrison"]
[WhiteFideId "872555"]
[BlackFideId "30934559"]
[WhiteElo "2432"]
[BlackElo "2146"]
[Result "0-1"]
[Round "02"]
[TimeControl "180+2"]
[Date "2023.02.14"]
[WhiteClock "0:00:01"]
[BlackClock "0:00:15"]

1. d4 Nf6 2. c4 d6 3. Nf3 Nbd7 4. Nc3 e5 5. e4 c6 6. Be2 Be7 7. O-O Qc7 8. Qc2 h6 9. Rd1 O-O 10. h3 Re8 11. Be3 Nf8 12. c5 exd4 13. cxd6 Bxd6 14. Bxd4 N6d7 15. Rac1 Ne5 16. Nxe5 Bxe5 17. Be3 Be6 18. Nb5 Qe7 19. Nd4 Rad8 20. Nf3 Bb8 21. b3 Ng6 22. Rxd8 Rxd8 23. Rd1 Re8 24. Nd4 Bc8 25. Bd3 Qe5 26. Nf3 Qh5 27. Be2 Ne5 28. Nd4 Qg6 29. Kf1 Nd7 30. Nf5 Nf6 31. f3 Bxf5 32. exf5 Qg3 33. Bf2 Qh2 34. Bc4 a6 35. Bg1 Qh1 36. g4 Qxf3+ 37. Bf2 Qxh3+ 38. Kg1 Bh2+ 39. Kh1 Bg3+ 40. Kg1 Qh2+ 41. Kf1 Qh1+ 42. Bg1 Qf3+ 43. Bf2 Bxf2 44. Be2 Qg3 0-1


[Site "https://www.chess.com"]

[Event "Titled Tuesday Blitz February 14 Late 2023"]
[White "benny_aizenberg"]
[Black "Sai Krishna G V"]
[BlackFideId "5028280"]
[WhiteElo "2558"]
[BlackElo "2384"]
[Result "0-1"]
[Round "02"]
[TimeControl "180+2"]
[Date "2023.02.14"]
[WhiteClock "0:01:32"]
[BlackClock "0:02:21"]

1. d4 Nf6 2. c4 g6 3. Nc3 Bg7 4. e4 d6 5. Be2 O-O 6. Nf3 e5 7. O-O Nc6 8. d5 Ne7 9. Ne1 Nd7 10. Nd3 f5 11. f3 Nf6 12. c5 f4 13. b4 g5 14. Qb3 Ng6 15. b5 b6 16. cxd6 cxd6 17. Ba3 Rf7 18. Nd1 g4 19. N1f2 g3 20. hxg3 fxg3 21. Ng4 Nxg4 22. fxg4 Qh4 23. Rxf7 Qh2+ 24. Kf1 Qh1# 0-1


[Site "https://www.chess.com"]

[Event "Titled Tuesday Blitz February 14 Late 2023"]
[White "Fernandez Guillen, Ernesto J."]
[Black "Hajiyev, Kanan"]
[WhiteFideId "3512428"]
[BlackFideId "13404148"]
[WhiteElo "2477"]
[BlackElo "2197"]
[Result "1-0"]
[Round "02"]
[TimeControl "180+2"]
[Date "2023.02.14"]
[WhiteClock "0:00:07"]
[BlackClock "0:00:04"]

1. e4 c6 2. d4 d5 3. e5 a6 4. c3 c5 5. Nf3 cxd4 6. cxd4 Nc6 7. h3 Bf5 8. Bd3 Bxd3 9. Qxd3 e6 10. Nc3 Bb4 11. O-O Nge7 12. Be3 O-O 13. Rac1 Rc8 14. a3 Bxc3 15. Rxc3 Na5 16. Rfc1 Rxc3 17. Rxc3 Nc4 18. Qc2 Nxe3 19. fxe3 Nc6 20. b4 f6 21. exf6 Qxf6 22. Rc5 Qh6 23. Qe2 Qg6 24. b5 Qb1+ 25. Kh2 axb5 26. Rxb5 Qc1 27. Rxb7 Qxa3 28. Qf2 Qd6+ 29. Qg3 Qxg3+ 30. Kxg3 Rf7 31. Rb6 Rc7 32. Kf4 h6 33. h4 Kf8 34. g4 Ke7 35. g5 Nd8 36. Ne5 Nf7 37. Ng6+ Kd7 38. Nf8+ Ke7 39. Nxe6 hxg5+ 40. hxg5 Rc1 41. Nxg7 Rf1+ 42. Kg4 Rg1+ 43. Kf4 Rf1+ 44. Kg3 Rg1+ 45. Kh4 Rh1+ 46. Kg4 Rg1+ 47. Kf3 Rxg5 48. Rb7+ Kf6 49. Ne8+ Ke6 50. Ke2 Rg2+ 51. Kd3 Ng5 52. Rb6+ Kf7 53. Nf6 Rg3 54. Nxd5 Nf3 55. Rf6+ Kg7 56. Rf4 Ne1+ 57. Ke2 Nc2 58. Rf3 Rg2+ 59. Rf2 Rg3 60. Kd3 Ne1+ 61. Ke4 Ng2 62. Ra2 Kg6 63. Nf4+ Nxf4 64. Kxf4 Rg1 65. e4 Kf7 66. Ra7+ Ke6 67. Ra6+ Kd7 68. d5 Rh1 69. Ke5 Rh5+ 70. Kd4 Rh4 71. Rg6 Rh1 72. Rg7+ Kd6 73. e5# 1-0


[Site "https://www.chess.com"]

[Event "Titled Tuesday Blitz February 14 Late 2023"]
[White "Manukyan, Artyom"]
[Black "Maximov, Dmitry"]
[WhiteFideId "13305786"]
[BlackFideId "14105659"]
[WhiteElo "2110"]
[BlackElo "2497"]
[Result "1-0"]
[Round "02"]
[TimeControl "180+2"]
[Date "2023.02.14"]
[WhiteClock "0:02:18"]
[BlackClock "0:01:48"]

1. e4 c5 2. Nc3 Nc6 3. Bb5 Nd4 4. Nf3 Nxb5 5. Nxb5 a6 6. Nc3 g6 7. d4 Bg7 8. dxc5 Qa5 9. Bd2 Qxc5 10. Nd5 e6 11. Bb4 Qc6 12. O-O exd5 13. exd5 Qb6 14. Qe1+ Kd8 15. Ba5 Kc7 16. d6+ Kc6 17. Qe4+ 1-0


[Site "https://www.chess.com"]

[Event "Titled Tuesday Blitz February 14 Late 2023"]
[White "Pulpan, Jakub"]
[Black "Mikhalsky, Vladimir"]
[WhiteFideId "302759"]
[BlackFideId "14144352"]
[WhiteElo "2427"]
[BlackElo "2219"]
[Result "1/2-1/2"]
[Round "02"]
[TimeControl "180+2"]
[Date "2023.02.14"]
[WhiteClock "0:00:06"]
[BlackClock "0:00:16"]

1. e4 c5 2. Nf3 Nc6 3. Bb5 g6 4. O-O Bg7 5. Re1 e5 6. b4 Nxb4 7. Ba3 a6 8. Bf1 d6 9. c3 Nc6 10. d4 exd4 11. cxd4 Nge7 12. e5 dxe5 13. Bxc5 exd4 14. Nbd2 O-O 15. Nb3 b6 16. Ba3 Bg4 17. Bb2 Nf5 18. h3 Bxf3 19. Qxf3 Rc8 20. Bxa6 Rc7 21. Ba3 Re8 22. Rxe8+ Qxe8 23. Bb5 Qc8 24. Rd1 Ne5 25. Qe4 Nc4 26. Bb4 Ncd6 27. Qd3 Nxb5 28. Qxb5 Qd7 29. Qd3 Qd5 30. Bd2 Nh4 31. f3 Nf5 32. Be1 Bh6 33. Bf2 Rd7 34. Re1 Be3 35. Bxe3 dxe3 36. Qxd5 Rxd5 37. g4 Nd4 38. Nxd4 Rxd4 39. Rxe3 Rd2 40. a3 Ra2 41. Kf1 Kg7 42. Kg1 h5 43. gxh5 gxh5 44. h4 Kf6 45. Rb3 Kf5 46. Rxb6 Kf4 47. Rf6+ Kg3 48. Kf1 Rxa3 49. f4 Rf3+ 50. Ke2 Rxf4 51. Rh6 Rxh4 52. Kf1 Rf4+ 53. Kg1 h4 54. Rh8 f5 55. Rg8+ Rg4 56. Ra8 Rf4 57. Rg8+ Kh3 58. Ra8 Rg4+ 59. Kf2 Rf4+ 60. Kg1 Kg3 61. Rg8+ 1/2-1/2


[Site "https://www.chess.com"]

[Event "Titled Tuesday Blitz February 14 Late 2023"]
[White "Grot, Blazej"]
[Black "Perske, Thore"]
[WhiteFideId "21835845"]
[BlackFideId "12902195"]
[WhiteElo "1990"]
[BlackElo "2448"]
[Result "0-1"]
[Round "02"]
[TimeControl "180+2"]
[Date "2023.02.14"]
[WhiteClock "0:00:19"]
[BlackClock "0:00:20"]

1. e4 e6 2. d3 d5 3. Nd2 c5 4. Ngf3 Nc6 5. g3 g6 6. Bg2 Bg7 7. O-O Nge7 8. Re1 O-O 9. c3 b6 10. Nf1 Qc7 11. h4 h6 12. N1h2 Kh7 13. h5 g5 14. Ng4 f5 15. exf5 exf5 16. Nxh6 Bxh6 17. Bxg5 Qd6 18. Qd2 Bd7 19. c4 dxc4 20. Bxh6 Qxh6 21. Ng5+ Kg7 22. dxc4 Rad8 23. Bxc6 Nxc6 24. Qc3+ Qf6 25. Qxf6+ Rxf6 26. Nh7 Kxh7 27. Rad1 Rf7 28. Rd6 Nd4 29. f4 Re8 30. Rxd7 Rxe1+ 31. Kf2 Rxd7 32. Kxe1 Kh6 0-1


[Site "https://www.chess.com"]

[Event "Titled Tuesday Blitz February 14 Late 2023"]
[White "Goltsev, Dmitry"]
[Black "Forgacs, Attila Jr."]
[WhiteFideId "24176710"]
[BlackFideId "773654"]
[WhiteElo "2269"]
[BlackElo "2264"]
[Result "1-0"]
[Round "02"]
[TimeControl "180+2"]
[Date "2023.02.14"]
[WhiteClock "0:01:44"]
[BlackClock "0:00:13"]

1. e4 e5 2. Nf3 Nc6 3. Bb5 a6 4. Ba4 d6 5. c3 f5 6. exf5 Bxf5 7. d4 e4 8. Ng5 Be7 9. Qb3 Bxg5 10. Bxg5 Qxg5 11. Qxb7 Qc1+ 12. Bd1 Kd7 13. Qxa8 Qxb2 14. O-O Qxa1 15. Ba4 Ne7 16. Qxh8 Qxa2 17. Bxc6+ Nxc6 18. Qxg7+ Ne7 19. Qg5 e3 20. Qxe3 Bxb1 21. Re1 a5 22. Qxe7+ Kc6 23. Qe8+ Kb6 24. Qb8+ Ka6 25. Qxb1 Qd2 26. Qc1 Qd3 27. Qe3 Qc2 28. Qe2+ 1-0


[Site "https://www.chess.com"]

[Event "Titled Tuesday Blitz February 14 Late 2023"]
[White "Meunier-Pion, Jean"]
[Black "Nasuta, Grzegorz"]
[WhiteFideId "20685327"]
[BlackFideId "1141686"]
[WhiteElo "2215"]
[BlackElo "2552"]
[Result "0-1"]
[Round "02"]
[TimeControl "180+2"]
[Date "2023.02.14"]
[WhiteClock "0:00:03"]
[BlackClock "0:00:25"]

1. e4 c5 2. Nf3 d6 3. d4 cxd4 4. Nxd4 Nf6 5. Nc3 a6 6. h3 e6 7. g4 h6 8. Bg2 Be7 9. Be3 Nc6 10. Qd2 Ne5 11. b3 Qc7 12. a4 O-O 13. f4 Nc6 14. Nxc6 bxc6 15. g5 hxg5 16. fxg5 Nd7 17. g6 fxg6 18. h4 d5 19. exd5 Qg3+ 20. Kd1 Bf6 21. Ne4 Qg4+ 22. Qe2 Qxe2+ 23. Kxe2 Bxa1 24. dxc6 Be5 25. cxd7 Bxd7 26. Nc5 Rad8 27. Nxa6 Rc8 28. Nc5 Bd6 29. Nxd7 Rxc2+ 30. Kd3 Rfc8 31. Bh3 Kf7 32. Nb6 R8c3+ 33. Ke4 Rxb3 34. Rf1+ Ke7 35. a5 Re2 36. Nc4 Bc5 37. Rf3 Rc3 38. Nb2 Rexe3+ 39. Rxe3 Rxe3+ 40. Kf4 Rxh3 41. Nc4 Rxh4+ 42. Ke5 Rxc4 43. a6 Bd6# 0-1


[Site "https://www.chess.com"]

[Event "Titled Tuesday Blitz February 14 Late 2023"]
[White "Haszon, David"]
[Black "Stoyanov, Tsvetan"]
[WhiteFideId "733610"]
[BlackFideId "2917173"]
[WhiteElo "2264"]
[BlackElo "2454"]
[Result "0-1"]
[Round "02"]
[TimeControl "180+2"]
[Date "2023.02.14"]
[WhiteClock "0:00:11"]
[BlackClock "0:00:06"]

1. d4 Nf6 2. Bf4 d6 3. Nc3 g6 4. e4 Bg7 5. Qd2 O-O 6. Bh6 e5 7. Bxg7 Kxg7 8. O-O-O exd4 9. Qxd4 Nc6 10. Qd2 Be6 11. Nge2 b5 12. Nd4 Nxd4 13. Qxd4 c5 14. Qxd6 Qxd6 15. Rxd6 b4 16. e5 Ne8 17. Rxe6 fxe6 18. Ne4 Rf5 19. Nxc5 Rxe5 20. Nd3 Rf5 21. f4 a5 22. g3 Rf7 23. Bh3 Rc7 24. Re1 Nf6 25. Rxe6 Rd8 26. Bf1 Rdc8 27. Re2 Re8 28. Rxe8 Nxe8 29. Kd2 Nd6 30. Nf2 Nc4+ 31. Bxc4 Rxc4 32. Kd3 Rc6 33. c4 bxc3 34. bxc3 Rb6 35. Kc2 Re6 36. Kd3 Rd6+ 37. Kc2 h6 38. c4 Kf7 39. Kc3 Ke6 40. Nd3 Kf5 41. c5 Rd8 42. Ne5 g5 43. Nf7 Rf8 44. Nxh6+ Kg6 45. fxg5 Kxg5 46. Kc4 Kxh6 47. c6 Kg6 48. Kd5 Kf6 49. Kd6 Rd8+ 50. Kc7 Ke7 51. h4 Rd3 52. g4 Rd4 53. g5 Rxh4 54. Kc8 Kd6 55. Kb7 Rh7+ 56. Kb6 Rc7 57. g6 Rxc6+ 58. Kxa5 Kc5 59. g7 Rg6 60. a4 Rxg7 61. Ka6 Kb4 62. a5 Rg6+ 63. Kb7 Kxa5 0-1


[Site "https://www.chess.com"]

[Event "Titled Tuesday Blitz February 14 Late 2023"]
[White "Msellek, Ilyass"]
[Black "Vaglio Mattey, Emanuel"]
[WhiteFideId "675938"]
[BlackFideId "6504167"]
[WhiteElo "2420"]
[BlackElo "2155"]
[Result "1-0"]
[Round "02"]
[TimeControl "180+2"]
[Date "2023.02.14"]
[WhiteClock "0:00:03"]
[BlackClock "0:00:12"]

1. d4 Nf6 2. Nf3 e6 3. Bg5 d5 4. e3 Be7 5. Bd3 O-O 6. c3 h6 7. Bh4 Nbd7 8. Nbd2 c5 9. O-O b6 10. a4 a6 11. h3 Bb7 12. Re1 Ne4 13. Bxe7 Qxe7 14. Qb1 f5 15. c4 Nxd2 16. Nxd2 Qf6 17. Nf3 e5 18. dxe5 Nxe5 19. Nxe5 Qxe5 20. a5 b5 21. cxb5 c4 22. bxa6 Rxa6 23. Bf1 Rb8 24. b4 Bc6 25. Rd1 g6 26. Rd4 Kh7 27. Ra2 Ra7 28. Rb2 Rb5 29. g4 fxg4 30. Rxg4 Qf6 31. Bg2 Rab7 32. Rf4 Qd6 33. a6 Ra7 34. Rd2 Rxa6 35. Qb2 Qe7 36. Rdd4 Rxb4 37. Rf7+ Qxf7 38. Qxb4 Ra1+ 39. Kh2 Qc7+ 40. f4 Qd7 41. Qf8 Qg7 42. Qc8 Qb7 43. Qd8 Re1 44. f5 gxf5 45. Rh4 Qg7 46. Qc8 Qg6 47. Qc7+ Kh8 48. Qf4 Kg7 49. Qe5+ Kh7 50. Qe7+ Kh8 51. Qd8+ Kh7 52. Qc7+ Kh8 53. Qf4 Kh7 54. Qd4 Re2 55. Qa7+ Kh8 56. Qb8+ Kh7 57. Qc7+ Kg8 58. Qd8+ Kh7 59. Qe7+ Kg8 60. Qd8+ Kh7 61. Qc7+ Kh8 62. Qe5+ Kg8 63. Qg3 Qxg3+ 64. Kxg3 Rxe3+ 65. Kf4 Re2 66. Bf3 Rd2 67. Rxh6 Rd3 68. Rxc6 Rd4+ 69. Ke5 Rd2 70. Bxd5+ Kg7 71. Rxc4 Re2+ 72. Kxf5 Rf2+ 73. Kg4 Rd2 74. Be4 Kf6 75. Rc6+ Ke5 76. Bf3 Rd4+ 77. Kg3 Rd3 78. Rh6 Kf5 79. Rh5+ Kg6 80. Ra5 Rd6 81. h4 Kh6 82. Kg4 Rg6+ 83. Rg5 Rb6 84. Be4 Rb4 85. Rh5+ Kg7 86. Kf4 Ra4 87. Rh7+ Kg8 88. Rh6 Kg7 89. Rg6+ Kf7 90. Rb6 Kg7 91. Rg6+ Kf7 92. h5 Ra5 93. Rg5 Ra4 94. Rf5+ Kg7 95. Re5 Rb4 96. Kg5 Kh8 97. h6 Rb8 98. Bg6 Rd8 99. Re7 Rd5+ 100. Bf5 Rd8 101. Rh7+ Kg8 102. Rg7+ Kh8 103. Rb7 Rf8 104. Be6 Re8 105. Bf7 Rf8 106. Bg6 Rc8 107. Rh7+ Kg8 108. Bf5 Rc5 109. Rg7+ Kh8 110. Ra7 Kg8 111. Ra8+ Kf7 112. h7 Rc1 113. h8=Q Rg1+ 114. Bg4 Rf1 115. Qh7# 1-0


[Site "https://www.chess.com"]

[Event "Titled Tuesday Blitz February 14 Late 2023"]
[White "Kielinkei"]
[Black "Darini, Pouria"]
[BlackFideId "12502200"]
[WhiteElo "2399"]
[BlackElo "2401"]
[Result "0-1"]
[Round "02"]
[TimeControl "180+2"]
[Date "2023.02.14"]
[WhiteClock "0:01:30"]
[BlackClock "0:00:18"]

1. d4 Nf6 2. c4 e6 3. g3 d5 4. Bg2 Bb4+ 5. Nd2 O-O 6. Nf3 c6 7. O-O a5 8. Qc2 Nbd7 9. a3 Bxd2 10. Nxd2 b5 11. b3 a4 12. cxb5 cxb5 13. e4 Ba6 14. e5 Ne8 15. bxa4 bxa4 16. Re1 Nb6 17. Bf1 Bxf1 18. Rxf1 Rc8 19. Qd3 Nc4 20. Rb1 f6 21. exf6 Qxf6 22. Rb4 Ned6 23. Rxa4 Rb8 24. Nb3 Ne4 25. Be3 Nb2 26. Qd2 Nxd2 0-1


[Site "https://www.chess.com"]

[Event "Titled Tuesday Blitz February 14 Late 2023"]
[White "Costachi, Mihnea"]
[Black "Jimenez Garcia, Emmanuel"]
[WhiteFideId "1217518"]
[BlackFideId "6504779"]
[WhiteElo "2476"]
[BlackElo "2410"]
[Result "0-1"]
[Round "02"]
[TimeControl "180+2"]
[Date "2023.02.14"]
[WhiteClock "0:00:02"]
[BlackClock "0:00:13"]

1. Nc3 g6 2. d4 Bg7 3. e4 c6 4. Nf3 d5 5. Be2 dxe4 6. Nxe4 Nf6 7. Nxf6+ exf6 8. O-O O-O 9. Re1 Nd7 10. b3 Re8 11. Bb2 a5 12. a3 f5 13. c4 Nc5 14. Qc2 Ne4 15. Rad1 Bd7 16. d5 Bxb2 17. Qxb2 Qb6 18. Bd3 cxd5 19. cxd5 Nc5 20. Bc4 Bb5 21. Qd4 Bxc4 22. bxc4 Qd6 23. h4 Re4 24. Rxe4 fxe4 25. Ng5 Re8 26. h5 h6 27. Nh3 g5 28. Re1 b6 29. f3 Qg3 30. Qf2 Qe5 31. f4 gxf4 32. Qxf4 Qd4+ 33. Kh2 Nd3 34. Qg3+ Kh8 35. Rf1 Rg8 36. Qd6 Qg7 37. g4 Ne5 38. Rf4 e3 39. Re4 f6 40. Qe6 Nxg4+ 41. Rxg4 Qxg4 42. Qxf6+ Qg7 43. Qf3 e2 44. Qxe2 Qg3+ 45. Kh1 Qxh3+ 46. Qh2 Qf3+ 47. Qg2 Qxg2# 0-1


[Site "https://www.chess.com"]

[Event "Titled Tuesday Blitz February 14 Late 2023"]
[White "Abdyzhaparov, Aidar"]
[Black "Salimova, Nurgyul"]
[WhiteFideId "13800361"]
[BlackFideId "2915138"]
[WhiteElo "1978"]
[BlackElo "2391"]
[Result "0-1"]
[Round "02"]
[TimeControl "180+2"]
[Date "2023.02.14"]
[WhiteClock "0:00:25"]
[BlackClock "0:01:21"]

1. Nf3 b6 2. c4 Bb7 3. g3 e5 4. Bg2 e4 5. Nd4 Nf6 6. O-O d5 7. cxd5 Qxd5 8. Nc2 Nbd7 9. Nc3 Qh5 10. e3 Qxd1 11. Rxd1 O-O-O 12. d4 exd3 13. Bxb7+ Kxb7 14. Rxd3 Be7 15. e4 Ne5 16. Rxd8 Rxd8 17. Be3 Nc4 18. b3 Nxe3 19. Nxe3 Bc5 20. Rd1 Re8 21. Nf5 g6 22. Nh6 Nxe4 23. Nxe4 Rxe4 24. Rd2 f5 25. Nf7 Be7 26. h4 a5 27. Kg2 a4 28. bxa4 Rxa4 29. Rd7 Bc5 30. Ng5 Rxa2 31. Ne6 Rxf2+ 32. Kg1 Re2+ 33. Nxc5+ bxc5 34. Rxh7 c4 35. Kf1 Rh2 36. Kg1 Ra2 37. Re7 c3 38. Re1 Kc6 39. Rc1 c2 40. Kf2 Kd5 41. Ke3 Kc4 42. Kd2 Kb3 43. Re1 c1=Q+ 44. Kxc1 Ra1+ 45. Kd2 Rxe1 46. Kxe1 c5 47. Kd2 c4 48. Kc1 Kc3 49. h5 gxh5 0-1


[Site "https://www.chess.com"]

[Event "Titled Tuesday Blitz February 14 Late 2023"]
[White "Golubka, Petro"]
[Black "Itkis, Boris"]
[WhiteFideId "14114224"]
[BlackFideId "1209167"]
[WhiteElo "2371"]
[BlackElo "2329"]
[Result "1-0"]
[Round "02"]
[TimeControl "180+2"]
[Date "2023.02.14"]
[WhiteClock "0:01:54"]
[BlackClock "0:00:38"]

1. e4 e5 2. Bb5 a6 3. Ba4 Nc6 4. c4 d6 5. f4 exf4 6. d4 Qh4+ 7. Kf1 Bd7 8. Nf3 Qf6 9. Nc3 Nge7 10. h4 O-O-O 11. b4 Bg4 12. Ne2 Nxb4 13. Rb1 a5 14. Qb3 b6 15. Bxf4 h6 16. a3 Na6 17. Qd3 Ng6 18. Bg3 Nb8 19. h5 Ne7 20. Bh4 Qe6 21. d5 1-0


[Site "https://www.chess.com"]

[Event "Titled Tuesday Blitz February 14 Late 2023"]
[White "Stachanczyk, Jacek"]
[Black "Gallo Garcia, Kemel Antonio"]
[WhiteFideId "1116657"]
[BlackFideId "3523896"]
[WhiteElo "2147"]
[BlackElo "2350"]
[Result "0-1"]
[Round "02"]
[TimeControl "180+2"]
[Date "2023.02.14"]
[WhiteClock "0:00:14"]
[BlackClock "0:00:08"]

1. e4 c5 2. Nf3 d6 3. d4 cxd4 4. Nxd4 Nf6 5. Nc3 g6 6. Be3 Bg7 7. f3 O-O 8. Qd2 Nc6 9. O-O-O Nxd4 10. Bxd4 Be6 11. g4 Qa5 12. Kb1 Rfc8 13. Nd5 Qxd2 14. Rxd2 Nxd5 15. Bxg7 Nb4 16. a3 Rxc2 17. Rxc2 Nxc2 18. Bc3 Ne3 19. Bd3 Bc4 20. Bxc4 Nxc4 21. Kc2 Rc8 22. Kd3 Nb6 23. Bd4 Nd7 24. b4 a6 25. f4 e5 26. Be3 f6 27. f5 Kf7 28. fxg6+ hxg6 29. h4 Rh8 30. h5 gxh5 31. gxh5 Ke6 32. h6 d5 33. exd5+ Kxd5 34. Rg1 f5 35. Bg5 e4+ 36. Ke3 Ne5 37. Rd1+ Ke6 38. Bf4 Ng4+ 39. Ke2 Nf6 40. Rd6+ Ke7 41. Rb6 Nd5 42. Rxb7+ Ke6 43. Bd2 f4 44. Ra7 e3 45. Rxa6+ Kf5 46. Bc1 Rc8 47. Kd1 Nc3+ 48. Kc2 Ne2+ 49. Kd3 Nxc1+ 50. Kd4 Rh8 0-1


[Site "https://www.chess.com"]

[Event "Titled Tuesday Blitz February 14 Late 2023"]
[White "Fajdetic, Hrvoje"]
[Black "Cardoso Cardoso, Jose Gabriel"]
[WhiteFideId "14501945"]
[BlackFideId "4430492"]
[WhiteElo "2151"]
[BlackElo "2492"]
[Result "0-1"]
[Round "02"]
[TimeControl "180+2"]
[Date "2023.02.14"]
[WhiteClock "0:00:13"]
[BlackClock "0:00:26"]

1. d4 d5 2. Bf4 c5 3. e3 Nc6 4. Nc3 cxd4 5. exd4 a6 6. Nce2 Bg4 7. f3 Bh5 8. c3 e6 9. h4 h6 10. Ng3 Bg6 11. Bd3 Bxd3 12. Qxd3 Bd6 13. N1e2 Nf6 14. Qe3 Bxf4 15. Nxf4 Qd7 16. Nd3 h5 17. Nc5 Qe7 18. Kf2 Nd7 19. b4 b6 20. Nd3 Rc8 21. Rae1 Kf8 22. Rc1 g6 23. Ne2 Qf6 24. Qf4 Qxf4 25. Nexf4 Kg7 26. g4 Nf6 27. g5 Ne8 28. Kg3 Nd6 29. Rhg1 Nf5+ 30. Kh3 Rc7 31. Rge1 Rhc8 32. Ne2 Na7 33. Ndf4 Nb5 34. a4 Nxc3 35. Nxc3 Rxc3 36. Rxc3 Rxc3 0-1


[Site "https://www.chess.com"]

[Event "Titled Tuesday Blitz February 14 Late 2023"]
[White "Alex_Sahakyan2006"]
[Black "Gonzalez, Francisco Silva"]
[BlackFideId "1512285"]
[WhiteElo "2696"]
[BlackElo "2021"]
[Result "0-1"]
[Round "02"]
[TimeControl "180+2"]
[Date "2023.02.14"]
[WhiteClock "0:00:04"]
[BlackClock "0:01:12"]

1. e4 e5 2. Nf3 Nc6 3. d4 exd4 4. Bc4 Nf6 5. O-O Nxe4 6. Re1 d5 7. Bxd5 Qxd5 8. Nc3 Qd8 9. Nxe4 Be7 10. Bg5 f6 11. Bf4 O-O 12. Qd3 Kh8 13. Rad1 Bg4 14. h3 Bxf3 15. Qxf3 f5 16. Ng3 Bd6 17. Re6 Bxf4 18. Qxf4 Rf7 19. Rde1 Qd7 20. a3 Raf8 21. b4 a6 22. h4 Re7 23. Rxe7 Nxe7 24. h5 h6 25. Nf1 Nc6 26. Nd2 Qf7 27. Nf3 Qxh5 28. Qxc7 Qf7 29. Qf4 Qd5 30. Ne5 Rf6 31. Nd3 Re6 32. Rd1 Re4 33. Qf3 Ne5 34. Qxf5 Rg4 35. Qf8+ Kh7 36. Ne1 Qe4 37. Kf1 Rh4 38. Kg1 Qe2 39. Ra1 Rg4 40. Qf5+ Rg6 41. Nd3 Nf3+ 42. Kh1 Nh4 43. Nf4 Qxf2 44. Nxg6 Qxf5 45. Nxh4 Qh5 46. g3 g5 47. Rf1 gxh4 48. Kg2 Qe2+ 49. Rf2 h3+ 50. Kg1 Qe1+ 51. Rf1 Qxg3+ 0-1


[Site "https://www.chess.com"]

[Event "Titled Tuesday Blitz February 14 Late 2023"]
[White "EREBUNI91"]
[Black "Djabri,Massinas"]
[BlackFideId "7905726"]
[WhiteElo "2724"]
[BlackElo "2231"]
[Result "1-0"]
[Round "02"]
[TimeControl "180+2"]
[Date "2023.02.14"]
[WhiteClock "0:01:45"]
[BlackClock "0:00:46"]

1. e4 c5 2. Nf3 d6 3. Bb5+ Bd7 4. Bxd7+ Qxd7 5. c4 e5 6. d3 Nc6 7. Nc3 Nd4 8. Rb1 Ne7 9. O-O Nec6 10. Nd5 Be7 11. Nxd4 Nxd4 12. b4 b6 13. f4 exf4 14. Bxf4 O-O 15. Rb2 f5 16. Rbf2 fxe4 17. dxe4 Rf7 18. Bg5 Bxg5 19. Rxf7 Qxf7 20. Rxf7 Kxf7 21. Qg4 Bd2 22. Qh5+ Kg8 23. Ne7+ Kh8 24. Ng6+ 1-0


[Site "https://www.chess.com"]